AoeStats
← Jeanfrancis

Nomad

505219061Analyzed
4v4 RM · 25d ago on Sep 8, 2026· 34m 8s· 8 players
Game mode
Random Map
Map size
231×231
Population
200
Speed
Normal
Resources
Standard
Victory
Conquest
Starting age
Dark Age
Ending age
Imperial Age
RankedLock teamsTeams togetherTeam positionsShared explorationLock speedFull tech treeHidden civsTurbo modeCheats
Victory
Defeat
🇫🇷 Mongols · France
1106
+16
🇨🇿 Dravidians · Czechia
1061
+17
1043
+18
🇧🇪 Slavs · Belgium
1034
+19
🇮🇹 Huns · Italy
1122
-18
🇨🇴 Spanish · Colombia
1104
-18
🇦🇺 Persians · Australia
1094
-18
🇨🇳 Khmer · China
1054
-16
vyshi77
6:02 Loom
15:01 Feudal Age
19:20 Castle Age
18:41 Fletching
20:45 Medium Warships
22:23 Wheelbarrow
21:33 Town Watch
34:09 Hand Cart
Sleepy the sexy saxon sheppard
5:33 Loom
15:25 Feudal Age
19:58 Castle Age
17:57 Double-Bit Axe
18:58 Stone Mining
23:27 Pikeman
Vivine61
4:20 Loom
13:31 Feudal Age
19:30 Castle Age
21:03 Double-Bit Axe
21:01 Horse Collar
27:46 Wheelbarrow
27:36 Husbandry
29:49 Bow Saw
31:35 Bloodlines
31:33 Scale Barding Armor
31:38 Forging
35:08 Imperial Age
33:17 Gold Mining
Jeanfrancis
5:05 Loom
14:32 Feudal Age
17:49 Wheelbarrow
21:23 Castle Age
22:04 Double-Bit Axe
23:29 Hand Cart
25:00 Husbandry
25:09 Scale Barding Armor
27:40 Forging
31:04 Bloodlines
31:39 Iron Casting
32:25 Gold Mining
juansrv
10:35 Loom
15:54 Feudal Age
16:37 Double-Bit Axe
18:14 Wheelbarrow
23:11 Castle Age
Schleb
14:06 Feudal Age
18:09 Castle Age
20:16 Forging
20:29 Scale Barding Armor
21:59 Loom
24:53 Bloodlines
28:36 Chain Barding Armor
30:57 Iron Casting
31:44 Double-Bit Axe
31:42 Horse Collar
lingluo
3:49 Loom
16:05 Feudal Age
19:38 Castle Age
18:06 Double-Bit Axe
18:04 Horse Collar
21:59 Bow Saw
passami lo sdrogo
5:20 Loom
15:39 Feudal Age
24:31 Castle Age
24:32 Bloodlines
25:16 Husbandry
31:55 Scale Mail Armor
32:27 Forging
Connection lost

Rejoining the realm…

Still unreachable

The connection could not be restored.

Session expired

The server has moved on; the page needs a fresh start.